 Dungeon Crawl Stone Soup version 0.31.0-32-g396128a36d (webtiles) character file.

Game seed: 350775361853715977

25178 H0rd4k the Black Belt (level 13, 0/95 HPs)
             Began as an Octopode Artificer on Apr 24, 2024.
             Was an Initiate of Gozag.
             Shot with an arrow by Nessos (13 damage)
             ... on level 3 of the Lair of Beasts.
             The game lasted 00:17:35 (11025 turns).

H0rd4k the Black Belt (Octopode Artificer)         Turns: 11025, Time: 00:17:37

Health: 0/95       AC:  5    Str: 12    XL:     13   Next: 17%
Magic:  22/22      EV: 19    Int: 17    God:    Gozag
Gold:   1322       SH:  0    Dex: 25    Spells: 24/24 levels left

rFire   x .          .
                       - Unarmed
rCold   . . .        (no shield)
rNeg    . . .        (helmet restricted)
rPois   +            t - amulet of regeneration
rElec   .            h - +6 ring of dexterity
rCorr   +            k - ring of resist corrosion
SInv    +            l - ring of ice
Will    .....        v - +5 ring of evasion
Stlth   ++++         I - ring "Xaclahow" {AC+4 SInv}
HPRegen 1.15/turn    K - +6 ring of dexterity
MPRegen 0.18/turn    H - ring "Susheem" {Fly rPois rC- Slay+6 Stlth+}
                     (no ring)

%: no passive effects
@: about to teleport, flying
A: almost no armour, amphibious, 8 rings, camouflage 1, gelatinous body 1,
(nimble swimmer 1), tentacles
a: Renounce Religion, Potion Petition, Call Merchant, Bribe Branch


You were on level 3 of the Lair of Beasts.
You worshipped Gozag.
Gozag was most pleased with you.
You visited 3 branches of the dungeon, and saw 14 of its levels.

You collected 2117 gold pieces.
You spent 646 gold pieces at shops.
You paid 149 gold pieces to Gozag.

Inventory:

Missiles
 c - 6 darts of dispersal
 p - 18 poisoned darts (quivered)
 s - 3 throwing nets
Armour
 n - an orb of energy
Magical Staves
 q - a staff of conjuration
Jewellery
 h - a +6 ring of dexterity (left tentacle)
 j - an amulet of reflection
 k - a ring of resist corrosion (right tentacle)
 l - a ring of ice (on tentacle)
 t - an amulet of regeneration (around mantle)
 v - a +5 ring of evasion (on tentacle)
 H - the ring "Susheem" (on tentacle) {Fly rPois rC- Slay+6 Stlth+}
   (You bought it in a shop on level 9 of the Dungeon)

   [ring of flight]

   Slay+6:    It affects your accuracy & damage with ranged weapons and melee
   (+6).
   rC-:       It makes you vulnerable to cold.
   rPois:     It protects you from poison Fly: It grants you flight.
   Stlth+:    It makes you more stealthy.
 I - the ring "Xaclahow" (on tentacle) {AC+4 SInv}
   (You found it on level 8 of the Dungeon)

   [ring of protection]

   AC+4:      It affects your AC (+4).
   SInv:      It lets you see invisible.
 K - a +6 ring of dexterity (on tentacle)
 L - an amulet of guardian spirit
Wands
 D - a wand of polymorph (9)
 J - a wand of charming (2)
 M - a wand of flame (15)
 P - a wand of acid (2)
Scrolls
 d - 2 scrolls of noise
 e - 3 scrolls of teleportation
 f - 2 scrolls of silence
 i - 4 scrolls of blinking
 r - 2 scrolls of torment
 y - a scroll of immolation
 z - 2 scrolls of enchant armour
 E - 4 scrolls of identify
 F - a scroll of enchant weapon
 G - 2 scrolls of amnesia
 O - a scroll of poison {unknown}
Potions
 a - 6 potions of brilliance {unknown}
 b - 2 potions of resistance {unknown}
 g - 3 potions of might {unknown}
 m - 9 potions of curing {unknown}
 o - 3 potions of enlightenment {unknown}
 u - 3 potions of haste {unknown}
 w - a potion of cancellation {unknown}
 x - 2 potions of magic {unknown}
 A - 2 potions of mutation {unknown}
 B - 4 potions of degeneration {unknown}
 C - a potion of heal wounds {unknown}
 N - a potion of attraction {unknown}


   Skills:
 * Level 11.0 Fighting
 + Level 3.3 Throwing
 - Level 2.3 Dodging
 - Level 1.3 Stealth
 - Level 1.3 Shields
 - Level 17.0 Unarmed Combat
 * Level 6.4 Spellcasting
 - Level 3.2 Evocations


You had 24 spell levels left.
You didn't know any spells.
Your spell library contained the following spells:

 Spells                   Type           Power      Damage    Failure   Level
 Summon Small Mammal      Summ           20%        N/A       12%         1
 Ensorcelled Hibernation  Hex/Ice        16%        N/A       19%         2
 Lesser Beckoning         Tloc           10%        N/A       19%         2
 Frozen Ramparts          Ice            16%        1d3       36%         3
 Gell's Gravitas          Tloc           5%         N/A       36%         3
 Hailstorm                Conj/Ice       8%         3d5       36%         3
 Passwall                 Erth           5%         N/A       36%         3
 Summon Ice Beast         Ice/Summ       8%         N/A       36%         3
 Swiftness                Air            5%         N/A       36%         3
 Teleport Other           Tloc           5%         N/A       36%         3
 Leda's Liquefaction      Alch/Erth      2%         N/A       77%         4
 Petrify                  Alch/Erth      5%         N/A       77%         4
 Metabolic Englaciation   Hex/Ice        4%         N/A       98%         5
 Sculpt Simulacrum        Ice/Alch       4%         N/A       100%        6


Dungeon Overview and Level Annotations

Branches:
Dungeon (10/15)            Temple (1/1) D:4            Lair (3/5) D:9
 Spider (0/4) Lair:2          Orc (0/2) D:10
  Swamp: Lair:2-3    Shoals: Lair:2-3

Altars:
Ashenzari
Cheibriados
Dithmenos
Elyvilon
Fedhas
Gozag
Hepliaklqana
Kikubaaqudgha
Makhleb
Nemelex Xobeh
Okawaru
Qazlal
Ru
Sif Muna
Trog
Uskayaw
Vehumet
Wu Jian
Xom
Yredelemnul
Zin
The Shining One

Shops:
D:3 *   D:9 =   D:10 *

Annotations:
D:3 1 runed translucent door, exclusion: door, Crazy Yiuf
D:7 2 transporters
D:9 exclusion: 2 downstairs
D:10 2 transporters, Erolcha, Maurice
Lair:3 Nessos


Innate Abilities, Weirdness & Mutations

You cannot wear most types of armour.
You are amphibious.
You can wear up to eight rings at the same time.
Your skin changes colour to match your surroundings (Stealth+).
Your rubbery body absorbs attacks. (AC +1, EV +1)
((You are camouflaged when in or above water. (Stealth+)))
You have tentacles for arms and can constrict up to eight enemies at once.


Message History

The yak gores you.
You bludgeon the yak! You squeeze the yak.
The yak is almost dead.
The yak gores you!
You batter the yak!!
You kill the yak!
The yak gores you!
You see here 19 gold pieces.
You tentacle-slap the yak but do no damage.
Your squeeze misses the yak. The yak gores you!
You barely miss the yak. The yak misses you.
You tentacle-slap the yak.
The yak is lightly wounded.
You batter the yak!!
Your tentacle-slap misses the yak.
The yak is almost dead.
The yak gores you!
You batter the yak!!
You kill the yak!
Your Fighting skill increases to level 11!
You now have 1299 gold pieces (gained 19).
You now have 1322 gold pieces (gained 23).
Nessos shouts!
Nessos casts a spell.
Nessos seems to speed up.
Nessos wields a +2 longbow of flaming.
It bursts into flame!
Nessos shoots an arrow.
The arrow hits you!! The arrow burns you!
Okay, then.
Okay, then.
Okay, then.
As you read the scroll of teleportation, it crumbles to dust.
You feel strangely unstable.
Nessos shoots an arrow.
The arrow barely misses you.
Nessos shoots an arrow.
The arrow hits you! The arrow burns you!
Nessos shoots an arrow.
The arrow hits you!!
* * * LOW HITPOINT WARNING * * *
The arrow burns you.
* * * LOW HITPOINT WARNING * * *
Nessos shoots an arrow.
The arrow hits you!
You die...
Your body crumbles into a pile of gold.

#### #### ###
##.##P#.#######.###########
..........................#
..........##.P...##..P##..#
................@.#..####.#
......................##..#
......................##..##
..................#..###...#
..................#..##...##
..................#..####..#
..#..P...P........#.......##
.####...........c.#........#
. #........P#.##.........P#


You could see Nessos (fast).

Vanquished Creatures
  2 two-headed ogres
  Pikel (D:4)
  5 elephants (Lair:3)
  A black mamba (Lair:3)
  7 cane toads
  A kobold demonologist (D:10)
  A rime drake (Lair:3)
  4 komodo dragons
  Psyche (D:8)
  A troll (D:9)
  2 polar bears
  24 blink frogs
  A dream sheep (D:8)
  A shadow (D:9)
  2 wraiths
  2 basilisks
  29 yaks
  4 redbacks (Lair:2)
  3 acid dragons
  8 water moccasins
  2 ice beasts
  3 black bears
  3 centaurs (D:8)
  4 ogres
  23 wolves (Lair:2)
  A phantom (D:5)
  A scorpion (D:5)
  A gnoll sergeant (D:9)
  12 bullfrogs
  8 howler monkeys
  2 electric eels (D:9)
  2 bombardier beetles
  3 hounds
  2 gnoll boudas
  4 orc priests
  Jessica (D:3)
  An iguana (D:4)
  4 orc wizards
  Natasha (thrice) (D:3)
  4 hell rats (Lair:3)
  10 adders
  8 gnolls
  A shadow imp (D:8)
  A white imp (D:6)
  2 ufetubi (D:5)
  2 dart slugs (D:4)
  A ribbon worm (D:3)
  27 orcs
  3 endoplasms
  A giant cockroach (D:2)
  6 goblins
  6 hobgoblins
  10 kobolds
  A quokka (D:2)
  8 ball pythons
  5 bats
  6 frilled lizards
  5 rats
287 creatures vanquished.

Vanquished Creatures (collateral kills)
  7 yaks
  A kobold brigand (D:9)
  A bombardier beetle (D:5)
  2 orc priests
  2 gnolls
  3 orcs
  A kobold (D:9)
17 creatures vanquished.

Vanquished Creatures (others)
  A dream sheep (D:8)
  A sky beast (D:7)
  An electric eel (D:9)
  An orc priest (D:5)
  An orc wizard (D:5)
5 creatures vanquished.

Grand Total: 309 creatures vanquished

Notes
Turn   | Place    | Note
-------+----------+-------------------------------------------
     0 | D:1      | H0rd4k the Octopode Artificer began the quest for the Orb.
     0 | D:1      | Reached XP level 1. HP: 13/13 MP: 1/1
    70 | D:1      | Found a faded altar of an unknown god.
    78 | D:1      | Got Plato's Handbook of Illusion
   116 | D:1      | Reached skill level 1 in Unarmed Combat
   116 | D:1      | Reached XP level 2. HP: 13/18 MP: 2/2
   204 | D:1      | Reached skill level 2 in Unarmed Combat
   343 | D:1      | Reached XP level 3. HP: 14/23 MP: 3/3
   499 | D:2      | Reached skill level 3 in Unarmed Combat
   569 | D:2      | Reached XP level 4. HP: 28/28 MP: 4/4
   870 | D:3      | Noticed Natasha
   876 | D:3      | Killed Natasha
   968 | D:3      | Reached skill level 4 in Unarmed Combat
   968 | D:3      | Found Nubibraf's General Store.
  1053 | D:3      | Reached XP level 5. HP: 33/33 MP: 5/5
  1131 | D:3      | Noticed Natasha
  1137 | D:3      | Killed Natasha
  1361 | D:3      | Noticed Natasha
  1365 | D:3      | Killed Natasha
  1366 | D:3      | Reached skill level 5 in Unarmed Combat
  1472 | D:4      | Noticed an ogre
  1479 | D:4      | Killed an ogre
  1480 | D:4      | Reached XP level 6. HP: 3/39 MP: 6/6
  1775 | D:4      | Found a staircase to the Ecumenical Temple.
  1783 | Temple   | Entered the Ecumenical Temple
  1964 | D:4      | Reached skill level 6 in Unarmed Combat
  2047 | D:5      | Entered Level 5 of the Dungeon
  2214 | D:5      | Reached XP level 7. HP: 35/45 MP: 7/7
  2329 | D:5      | Reached skill level 7 in Unarmed Combat
  2889 | D:5      | Reached skill level 8 in Unarmed Combat
  2940 | D:5      | Reached XP level 8. HP: 51/51 MP: 8/8
  2969 | D:5      | Reached skill level 1 in Shields
  3036 | D:5      | Found a shimmering blue altar of Sif Muna.
  3326 | D:5      | Reached skill level 9 in Unarmed Combat
  3660 | D:4      | Noticed Pikel
  3720 | D:4      | Killed Pikel
  3721 | D:4      | Reached skill level 10 in Unarmed Combat
  3942 | D:3      | Noticed Jessica
  3948 | D:3      | Killed Jessica
  4124 | D:3      | Found a runed translucent door.
  4125 | D:3      | Noticed Crazy Yiuf
  4708 | D:6      | Reached XP level 9. HP: 57/57 MP: 9/9
  5110 | D:7      | Noticed a kobold demonologist
  5110 | D:7      | Noticed a kobold demonologist
  5115 | D:7      | Found a transporter.
  5121 | D:7      | Reached skill level 11 in Unarmed Combat
  5179 | D:7      | Found a transporter.
  5229 | D:7      | Noticed a two-headed ogre
  5371 | D:7      | Killed a two-headed ogre
  5372 | D:7      | Reached skill level 12 in Unarmed Combat
  5706 | D:8      | Noticed Psyche
  5712 | D:8      | Killed Psyche
  5730 | D:8      | Identified the ring "Xaclahow" {AC+4 SInv}
  5739 | D:8      | Reached XP level 10. HP: 61/63 MP: 10/10
  5744 | D:8      | Reached skill level 13 in Unarmed Combat
  5856 | D:8      | Found an opulent altar of Gozag.
  6009 | D:8      | Became a worshipper of Gozag Ym Sagoz the Greedy
  6065 | D:9      | Found Gontuykk's One-of-a-Kind Rings.
  6461 | D:9      | Reached skill level 14 in Unarmed Combat
  6805 | D:9      | Noticed a two-headed ogre
  6809 | D:9      | Killed a two-headed ogre
  6869 | D:9      | Found a staircase to the Lair.
  6921 | D:9      | Reached skill level 1 in Throwing
  6927 | D:9      | Reached skill level 15 in Unarmed Combat
  7422 | D:10     | Entered Level 10 of the Dungeon
  7422 | D:10     | Found a transporter.
  7476 | D:10     | Reached XP level 11. HP: 70/70 MP: 11/11
  7542 | D:10     | Found a broken altar of Ashenzari.
  7607 | D:10     | Found a transporter.
  7609 | D:10     | Noticed a fire crab
  7633 | D:10     | Found a staircase to the Orcish Mines.
  7641 | D:10     | Found Paesh's General Store.
  7746 | D:10     | Noticed Maurice
  7751 | D:10     | Reached skill level 16 in Unarmed Combat
  7925 | D:10     | Noticed Erolcha
  8447 | D:9      | Bought the ring "Susheem" {Fly rPois rC- Slay+6 Stlth+} for
                  | 646 gold pieces
  8564 | Lair:1   | Entered Level 1 of the Lair of Beasts
  8642 | Lair:1   | Reached skill level 5 in Fighting
  8837 | Lair:1   | Reached skill level 17 in Unarmed Combat
  8895 | Lair:1   | Reached skill level 1 in Spellcasting
  9059 | Lair:1   | Reached XP level 12. HP: 77/79 MP: 15/15
  9448 | Lair:2   | Found a hole to the Spider Nest.
  9874 | Lair:2   | Reached skill level 5 in Spellcasting
 10598 | Lair:3   | Reached skill level 10 in Fighting
 10687 | Lair:3   | Reached XP level 13. HP: 92/92 MP: 20/22
 10944 | Lair:3   | Noticed Nessos
 11025 | Lair:3   | Shot with an arrow by Nessos

Illustrated notes

Levels and vault maps discovered:
D:1:      eino_arrival_water_cross, layout_rooms, serial_glass, glass_columns_a,
          glass_columns_b, shapermc_ecumenical_altar_rom_forum
D:2:      layout_rooms
D:3:      layout_basic, serial_shops, shop, minmay_hedge_maze, uniq_natasha,
          uniq_jessica, uniq_crazy_yiuf_cottage
D:4:      layout_loops_corners, minmay_temple_entry_glassed_door, minivault_27,
          uniq_pikel
D:5:      layout_loops_ring, led_sif_pool
D:6:      minmay_cornered_nines, layout_basic, reono_crystal_passage
D:7:      gammafunk_wand_slinger, layout_rooms, chequers_mini_garden
D:8:      layout_rooms, grunt_gozag_statues, dreamdust_gnoll_shepherd,
          uniq_psyche
D:9:      layout_basic, lair_entry_dummy, nicolae_shop_unique_rings
D:10:     gammafunk_cloud_chamber, layout_loops_ring, lemuel_doored_altar,
          orc_0_dummy, serial_shops, shop, uniq_maurice, uniq_erolcha
Temple:   compressed_dpeg_triangle_lava_temple
Lair:1:   layout_misc_corridors
Lair:2:   layout_cellular_growth, spider_nest_entry_funnel_web,
          infiniplex_staircase_pool_2, grunt_megastairs_4, lemuel_fruit_tree
Lair:3:   layout_chaotic_city, alex1729_swamp_entry_worm_eleionoma,
          minivault_19, uniq_nessos

Skill      XL: |  1  2  3  4  5  6  7  8  9 10 11 12 13 |
---------------+----------------------------------------+-----
Unarmed Combat | 1 2 3 4 5 6 8 10 12 15 17 | 17.0
Fighting       | 2 3 4 6 10 11 | 11.0
Shields        | 1 |  1.3
Throwing       | 1 3 |  3.3
Spellcasting   | 2 6 |  6.4
Dodging        | |  2.3
Stealth        | |  1.3
Evocations     | |  3.2

Action                     |  1- 3 |  4- 6 |  7- 9 | 10-12 | 13-15 || total
---------------------------+-------+-------+-------+-------+-------++-------
  Melee: Unarmed           |    48 |    84 |   171 |   394 |    48 ||   745
         Tentacles         |    13 |    19 |    37 |   116 |    14 ||   199
         Constrict         |    15 |    24 |    36 |    79 |     5 ||   159
         Punch             |     1 |     3 |    13 |    50 |     7 ||    74
  Throw: Dart              |       |       |       |    11 |       ||    11
  Evoke: Wand              |     2 |    17 |    18 |    12 |       ||    49
    Use: Scroll            |       |       |       |    14 |     1 ||    15
   Stab: Sleeping          |     4 |     4 |    12 |     4 |       ||    24
         Distracted        |       |       |       |     7 |       ||     7
 Armour: Skin              |    16 |    25 |    55 |   148 |    29 ||   273
  Dodge: Dodged            |    34 |    30 |   126 |   264 |    24 ||   478
  Block: Other             |       |     6 |     6 |       |       ||    12
